 Dungeon Crawl Stone Soup version 0.30-a0-802-gb92711bcdf (webtiles) character file.

Game seed: 3712365551796993777

53 Sabo the Reanimator (level 3, -2/28 HPs)
             Began as a Gnoll Wanderer on Feb 25, 2023.
             Succumbed to an adder's poison
             ... on level 2 of the Dungeon.
             The game lasted 00:05:55 (1032 turns).

Sabo the Reanimator (Gnoll Wanderer)                Turns: 1032, Time: 00:05:55

Health: -2/28      AC:  2    Str:  9    XL:     3   Next: 89%
Magic:  5/7        EV: 11    Int: 14    God:
Gold:   44         SH:  5    Dex: 12    Spells: 6/7 levels left

rFire   . . .      SeeInvis .    m - +0 whip (holy)
rCold   . . .      Faith    .    h - +2 buckler
rNeg    . . .      Spirit   .    e - +0 robe
rPois   .          Reflect  .    (no helmet)
rElec   .          Harm     .    (no cloak)
rCorr   .          Rampage  .    (no gloves)
Will    .....                    (no boots)
Stlth   ++                       (no amulet)
HPRegen 0.24/turn                (no ring)
MPRegen 0.10/turn                (no ring)

@: lethally poisoned (-2 -> -12)
A: fangs 1, strong nose, distributed training
a: no special abilities


You were on level 2 of the Dungeon.
You visited 1 branch of the dungeon, and saw 2 of its levels.

You collected 44 gold pieces.

Inventory:

Hand Weapons
 a - a +0 sling
 c - a +0 dagger
 j - a +0 short sword
 m - a +0 whip of holy wrath (weapon)
Missiles
 b - 10 poisoned darts (quivered)
Armour
 e - a +0 robe (worn)
 h - a +2 buckler (worn)
Scrolls
 d - 2 scrolls of fog
 i - a scroll of brand weapon {unknown}
 k - a scroll of amnesia {unknown}
Potions
 f - a potion of attraction {unknown}
 g - a potion of might {unknown}
 l - a potion of magic {unknown}


   Skills:
 + Level 2.7 Fighting
 + Level 1.0 Short Blades
 + Level 1.0 Long Blades
 + Level 1.0 Axes
 + Level 1.0 Maces & Flails
 + Level 1.0 Polearms
 + Level 1.0 Staves
 + Level 2.7 Ranged Weapons
 + Level 4.6 Throwing
 + Level 1.0 Armour
 + Level 1.0 Dodging
 + Level 1.0 Stealth
 + Level 1.0 Shields
 + Level 1.0 Unarmed Combat
 + Level 2.9 Spellcasting
 + Level 0.7 Conjurations
 + Level 0.7 Hexes
 + Level 0.7 Summonings
 + Level 8.8 Necromancy
 + Level 0.7 Translocations
 + Level 0.7 Transmutations
 + Level 0.7 Fire Magic
 + Level 0.7 Ice Magic
 + Level 0.7 Air Magic
 + Level 0.7 Earth Magic
 + Level 0.7 Poison Magic
 + Level 1.1 Invocations
 + Level 1.0 Evocations


You had 6 spell levels left.
You knew the following spells:

 Your Spells              Type           Power      Damage    Failure   Level
a - Necrotise             Necr           100%       1d9       1%          1

Your spell library contained the following spells:

 Spells                   Type           Power      Damage    Failure   Level
 Kiss of Death            Conj/Necr      60%        2d10      4%          1
 Animate Dead             Necr           26%        N/A       8%          4


Dungeon Overview and Level Annotations

Branches:
Dungeon (2/15)

Altars:


Innate Abilities, Weirdness & Mutations

You have very sharp teeth.
Your uncanny sense of smell can sniff out nearby items.
Your experience applies equally to all skills.


Message History

Your adder skeleton bites the kobold but does no damage.
The adder barely misses your adder skeleton.
You barely miss the kobold.
The kobold is moderately wounded.
You feel sick. The kobold misses you.
Your adder skeleton bites the kobold.
The adder bites your adder skeleton.
The kobold hits you with a +0 short sword.
* * * LOW HITPOINT WARNING * * *
You hit the kobold.
You kill the kobold!
You feel sick.
You are no longer poisoned.
The adder bites your adder skeleton.
Your adder skeleton bites the adder.
The adder barely misses your adder skeleton.
Your adder skeleton barely misses the adder.
Something bites your adder skeleton.
You hit the adder.
The adder is moderately wounded.
The adder barely misses you.
Your adder skeleton closely misses the adder.
The adder bites you.
* * * LOW HITPOINT WARNING * * *
You are lethally poisoned!
The adder poisons you!
You closely miss the adder.
The adder is moderately wounded.
* * * LOW HITPOINT WARNING * * *
You feel sick. The adder closely misses you.
Your adder skeleton closely misses the adder.
You closely miss the adder.
The adder is moderately wounded.
* * * LOW HITPOINT WARNING * * *
You feel sick. The adder bites you.
* * * LOW HITPOINT WARNING * * *
You are more poisoned.
The adder poisons you!
Your adder skeleton bites the adder.
The adder closely misses you.
You miss the adder.
The adder is severely wounded.
You die...

#.# #..
...#####.†......
#.# #.#
#...#...####.##
#.# #.# #..#.#.#
#.#
#.#####....#.####.
#.#
#.................
#†#
#..#....#.##.#####
#.# #..#.####.##.#
#.# #..#.# #.##.#
#.# #..@.####.##.#
#.# #.#S.......
#.# #)Z........
#.# ##.#.####.#
########.# #.#.# #
.........# #?#.#
########## #.#.#
#.... #..


You could see an adder (ally target) and a friendly adder skeleton.

Vanquished Creatures
  2 adders (D:2)
  A dart slug (D:2)
  3 bats
  An endoplasm (D:1)
  2 giant cockroaches
  3 goblins
  4 hobgoblins
  3 quokkas
  A ball python (D:1)
  4 frilled lizards (D:1)
  4 kobolds
  3 rats
31 creatures vanquished.

Notes
Turn   | Place    | Note
-------+----------+-------------------------------------------
     0 | D:1      | Sabo the Gnoll Wanderer began the quest for the Orb.
     0 | D:1      | Sabo set off with the following items: a +0 sling, 10
                  | poisoned darts, a +0 dagger, a scroll of fog, a +0 robe;
                  | and the following spells available to memorise: Necrotise,
                  | Kiss of Death, Animate Dead.
     0 | D:1      | Reached XP level 1. HP: 17/17 MP: 4/4
     9 | D:1      | Noticed a bullfrog
   330 | D:1      | Learned a level 1 spell: Necrotise
   346 | D:1      | Reached XP level 2. HP: 20/23 MP: 3/5
   760 | D:2      | Reached XP level 3. HP: 25/28 MP: 7/7
   958 | D:2      | Reached skill level 1 in Invocations
  1020 | D:2      | Reached skill level 1 in Short Blades
  1020 | D:2      | Reached skill level 1 in Long Blades
  1020 | D:2      | Reached skill level 1 in Axes
  1020 | D:2      | Reached skill level 1 in Maces & Flails
  1020 | D:2      | Reached skill level 1 in Polearms
  1020 | D:2      | Reached skill level 1 in Staves
  1020 | D:2      | Reached skill level 1 in Armour
  1020 | D:2      | Reached skill level 1 in Dodging
  1020 | D:2      | Reached skill level 1 in Stealth
  1020 | D:2      | Reached skill level 1 in Shields
  1020 | D:2      | Reached skill level 1 in Unarmed Combat
  1020 | D:2      | Reached skill level 1 in Evocations
  1031 | D:2      | HP: 1/28 [adder (1)]
  1032 | D:2      | Succumbed to an adder's poison

Illustrated notes

Levels and vault maps discovered:
D:1:      evilmike_arrival_come_back, layout_basic
D:2:      layout_loops_ring

Skill      XL: |  1  2  3 |
---------------+----------+-----
Invocations    | 1 |  1.1
Short Blades   | 1 |  1.0
Long Blades    | 1 |  1.0
Axes           | 1 |  1.0
Maces & Flails | 1 |  1.0
Polearms       | 1 |  1.0
Staves         | 1 |  1.0
Armour         | 1 |  1.0
Dodging        | 1 |  1.0
Stealth        | 1 |  1.0
Shields        | 1 |  1.0
Unarmed Combat | 1 |  1.0
Evocations     | 1 |  1.0
Fighting       | |  2.7
Ranged Weapons | |  2.7
Throwing       | |  4.6
Spellcasting   | |  2.9
Conjurations   | |  0.7
Hexes          | |  0.7
Summonings     | |  0.7
Necromancy     | |  8.8
Translocations | |  0.7
Transmutations | |  0.7
Fire Magic     | |  0.7
Ice Magic      | |  0.7
Air Magic      | |  0.7
Earth Magic    | |  0.7
Poison Magic   | |  0.7

Action                     || total
---------------------------++-------
  Melee: Whip              ||    50
         Bite              ||     1
   Fire: Sling             ||    30
  Throw: Dart              ||     3
   Cast: Necrotise         ||    12
 Armour: Robe              ||    26
  Dodge: Dodged            ||    74
  Block: Buckler           ||    25

Table legend: (Time is in decaauts)
 A = Elapsed time spent in this place.
 B = Non-inter-level travel time spent in this place.
 C = Inter-level travel time spent in this place.
 D = Time resting spent in this place.
 E = Time spent auto-exploring this place.
 F = Levels seen in this place.
 G = Mean time per level.
                   A        B        C        D        E       F      G
               +--------+--------+--------+--------+--------+-----+--------+
         Total |   1046 |   1046 |      0 |    186 |      0 |   2 |  523.0 |
       Dungeon |   1046 |   1046 |      0 |    186 |      0 |   2 |  523.0 |
               +--------+--------+--------+--------+--------+-----+--------+

Top non-repeatable levels by time:
     D:1: 763 daAuts
     D:2: 282 daAuts
